 Dungeon Crawl Stone Soup version 0.21.1-1-g345015f (webtiles) character file.

36 Kagorn the Skirmisher (level 3, 0/27 HPs)
             Began as a Demonspawn Berserker on June 10, 2018.
             Was a Follower of Trog.
             Succumbed to a worker ant's poison
             ... on level 2 of the Dungeon.
             The game lasted 00:04:37 (1005 turns).

Kagorn the Skirmisher (Demonspawn Berserker)        Turns: 1005, Time: 00:04:38

Health: 0/27       AC:  3    Str: 17    XL:     3   Next: 19%
Magic:  3/3        EV: 12    Int:  8    God:    Trog [*.....]
Gold:   41         SH:  0    Dex: 13    Spells: 2/2 levels left

rFire    + . .     SeeInvis .   e - +2 hand axe (venom)
rCold    . . .     Gourm    .   (no shield)
rNeg     . . .     Faith    .   h - +0 leather armour
rPois    .         Spirit   .   (no helmet)
rElec    .         Reflect  .   (no cloak)
rCorr    .         Harm     .   (no gloves)
MR       .....                  (no boots)
Stlth    +++.......             (no amulet)
HPRegen  0.09/turn              (no ring)
MPRegen  0.08/turn              (no ring)

@: lethally poisoned (0 -> -16), flying
A: camouflage 1, demonic guardian 1, fire resistance 1, frail 1, nightstalker 1
a: Berserk, Burn Spellbooks, Renounce Religion


You were on level 2 of the Dungeon.
You worshipped Trog.
Trog was aware of your devotion.
You were not hungry.

You visited 1 branch of the dungeon, and saw 2 of its levels.

You collected 41 gold pieces.

Inventory:

Hand Weapons
 a - a +0 falchion
 e - a +2 hand axe of venom (weapon)
Armour
 h - a +0 leather armour (worn)
Jewellery
 b - a cursed amulet of inaccuracy {unknown}
Scrolls
 f - 2 scrolls of identify {unknown}
Comestibles
 c - 4 rations


   Skills:
 * Level 3.7 Fighting
 - Level 2.6 Long Blades
 * Level 0.8 Axes
 + Level 1.9 Armour
 + Level 1.8 Dodging
 * Level 1.0 Stealth


You had 2 spell levels left.
You didn't know any spells.

Dungeon Overview and Level Annotations

Branches:
Dungeon (2/15)

Altars:


Innate Abilities, Weirdness & Mutations

A weak demonic guardian rushes to your aid.
You are slightly more attuned to the shadows.
Your skin changes colour to match your surroundings (Stealth+).
Your flesh is heat resistant. (rF+)
You are frail. (-10% HP)


Message History

You kill the worker ant!
Trog accepts your kill.
Your Stealth skill increases to level 1!
You have reached level 3!
Your experience leads to an increase in your attributes!
Increase (S)trength, (I)ntelligence, or (D)exterity?
You feel agile.
Your demonic ancestry asserts itself...
You slip into the darkness of the dungeon.
* * * LOW HITPOINT WARNING * * *
You feel sick.
It was a potion of mutation.
You feel extremely strange.
You feel frail.
Your skin functions as natural camouflage.
You feel resistant to heat.
* * * LOW HITPOINT WARNING * * *
You feel sick.
It was a potion of flight.
You feel very buoyant.
You fly up into the air.
You die...

...... ......
.#########......
...............#
.............#.#
#..........>.....
#........5....... #
#........@....#. .
......†)........ ###.
#.......##.....#
...#####.###..#.#####
... #........#
#.###...#....#
#......#.#...#
#.###.#._[#..# ...
....#.#...#


You could see a friendly white imp.

Vanquished Creatures
  A worker ant (D:2)
  A dart slug (D:1)
  4 goblins (D:1)
  A hobgoblin (D:1)
  5 jackals (D:1)
  3 bats
  3 kobolds
18 creatures vanquished.

Vanquished Creatures (collateral kills)
  A hobgoblin (D:2)
1 creature vanquished.

Grand Total: 19 creatures vanquished

Notes
Turn   | Place    | Note
-------+----------+-------------------------------------------
     0 | D:1      | Kagorn the Demonspawn Berserker began the quest for the Orb.
     0 | D:1      | Reached XP level 1. HP: 18/18 MP: 1/1
   691 | D:1      | Gained mutation: A weak demonic guardian rushes to your aid. [demonic ancestry]
   691 | D:1      | Reached XP level 2. HP: 23/24 MP: 2/2
   987 | D:2      | Found a faded altar of an unknown god.
  1003 | D:2      | Reached skill level 1 in Stealth
  1003 | D:2      | Gained mutation: You are slightly more attuned to the shadows. [demonic ancestry]
  1003 | D:2      | Reached XP level 3. HP: 5/30 MP: 3/3
  1004 | D:2      | Gained mutation: You are frail. (-10% HP) [potion of mutation]
  1004 | D:2      | Gained mutation: Your skin changes colour to match your surroundings (Stealth+). [potion of mutation]
  1004 | D:2      | Gained mutation: Your flesh is heat resistant. (rF+) [potion of mutation]
  1004 | D:2      | HP: 1/27 [poisoned by a worker ant]
  1005 | D:2      | Succumbed to a worker ant's poison

Skill      XL: |  1  2 |
---------------+-------+-----
Stealth        | 1 |  1.0
Fighting       | |  3.7
Long Blades    | |  2.6
Axes           | |  0.8
Armour         | |  1.9
Dodging        | |  1.8

Action                   || total
-------------------------++-------
Melee: Hand axe          ||    40
  Use: Potion            ||     2
Armor: Leather armour    ||    17
Dodge: Dodged            ||    32
